 Dungeon Crawl Stone Soup version 0.19-a0-994-g3c636f0 (webtiles) character file.

79 4thArraOfDagon the Bolt Thrower (level 4, 1/32 HPs)
             Began as a Mummy Arcane Marksman on July 17, 2016.
             Quit the game on level 5 of the Dungeon.
             The game lasted 00:04:41 (1229 turns).

4thArraOfDagon the Bolt Thrower (MuAM)              Turns: 1229, Time: 00:04:42

Health: 1/32       AC:  5    Str: 14    XL:     4   Next: 16%
Magic:  5/5        EV: 11    Int: 13    God:
Gold:   149        SH:  3    Dex: 11    Spells: 1 memorised, 4 levels left

rFire  . . .     SeeInvis .     q - +0 short sword
rCold  + . .     Gourm    .     f - +2 leather armour {rF+}
rNeg   + + +     Faith    .     (no shield)
rPois  ∞         Spirit   .     (no helmet)
rElec  .         Dismiss  .     (no cloak)
rCorr  .         Reflect  +     (no gloves)
SustAt .         Harm     .     (no boots)
MR     .....                    p - +3 amulet of reflection
Stlth  +.........               (no ring)
                                (no ring)

@: vulnerable, not resistant to hostile enchantments, very unstealthy
A: no food or potions, fire vulnerability, cold resistance 1, negative energy
resistance 3, torment resistance, unbreathing
a: no special abilities


You were on level 5 of the Dungeon.
You were not hungry.

You visited 1 branch of the dungeon, and saw 5 of its levels.

You collected 149 gold pieces.

Inventory:

Hand Weapons
 a - a +0 hand crossbow
 q - a +0 short sword (weapon)
Missiles
 d - 6 bolts
 m - 7 curare-tipped needles
Armour
 e - a +0 robe
 f - a +2 leather armour of fire resistance (worn)
 n - a +0 scale mail
Jewellery
 p - a +3 amulet of reflection (around neck)
Scrolls
 h - 3 scrolls of remove curse
 j - 3 scrolls of enchant armour
 r - a scroll of amnesia
Books
 c - a book of Debilitation

   Spells                             Type                      Level
   a - Corona                         Hexes                        1
   b - Slow                           Hexes                        2
   c - Gell's Gravitas                Hexes/Translocation          3
   d - Inner Flame                    Hexes/Fire                   3
   e - Cause Fear                     Hexes                        4
   f - Leda's Liquefaction            Hexes/Earth                  4


   Skills:
 - Level 1.0 Fighting
 + Level 3.6 Crossbows
 - Level 1.5 Dodging
 - Level 1.0 Spellcasting
 - Level 2.6 Hexes


You had 4 spell levels left.
You knew the following spells:

 Your Spells              Type           Power        Failure   Level  Hunger
a - Corona                Hex            #......      14%         1    N/A

Dungeon Overview and Level Annotations

Branches:
Dungeon (5/15)
 Temple: D:4-7

Altars:
Zin

Annotations:
D:3 sergedm's ghost, amateur DsBe
D:5 Eustachio


Innate Abilities, Weirdness & Mutations

You do not eat or drink.
Your flesh is vulnerable to fire.
You are immune to poison.
Your flesh is cold resistant. (rC+)
You are immune to negative energy. (rN+++)
You are immune to unholy pain and torment.
You can survive without breathing.


Message History

It was a scroll of immolation.
You block the jackal's attack. x2
The giant gecko barely misses you. x2; The jackal misses you.
The jackal bites you.
* * * LOW HITPOINT WARNING * * *
Unknown command.
Unknown command.
As you read the scroll labeled UDAPONOUHE, it crumbles to dust.
Magic quickly surges around you.
It was a scroll of vulnerability.
The giant gecko barely misses you.
The jackal bites you but does no damage.
The giant gecko bites you.
* * * LOW HITPOINT WARNING * * *
The jackal bites you but does no damage.
The giant gecko closely misses you.
Unknown command.
There are monsters nearby!
Unknown command.
Unknown command.
Unknown command.
Are you sure you want to abandon this character and quit the game? (Confirm with "yes".)

##.@...## ##..(##
##### ## #. #.
#.########
#ll##.#..#
#@##.#..####
#hhw.......#
#h......##.#
####.....#.####...
#..###.........
#####.....###.####.#
..##.###.# ##.#
#.##. #.####.# #
#.##.###......#


You could see a worm (inner flame), 2 giant geckos and 3 jackals.

Vanquished Creatures
  A hound zombie (D:3)
  An adder (D:1)
  3 dart slugs
  A giant gecko (D:2)
  3 orcs (D:3)
  5 bats
  2 giant cockroaches
  6 goblins
  3 hobgoblins
  4 jackals (D:2)
  5 kobolds
  2 quokkas (D:2)
  2 rats
38 creatures vanquished.

Notes
Turn   | Place    | Note
-------+----------+-------------------------------------------
     0 | D:1      | 4thArraOfDagon the Mummy Arcane Marksman began the quest for the Orb.
     0 | D:1      | Reached XP level 1. HP: 15/15 MP: 2/2
    41 | D:1      | Reached skill level 2 in Crossbows
    63 | D:1      | Reached XP level 2. HP: 21/21 MP: 3/3
   132 | D:2      | Found a glowing silver altar of Zin.
   282 | D:2      | Reached XP level 3. HP: 9/26 MP: 4/4
   366 | D:2      | Reached skill level 3 in Crossbows
   584 | D:3      | Noticed sergedm's ghost (amateur DsBe)
  1132 | D:3      | Reached XP level 4. HP: 19/32 MP: 5/5
  1165 | D:5      | Entered Level 5 of the Dungeon
  1176 | D:5      | Noticed an ogre
  1201 | D:5      | Noticed Eustachio
  1228 | D:5      | HP: 1/32 [giant gecko (2)]
  1229 | D:5      | Quit the game

Vault maps used:
D:1:      minmay_arrival_statue_studded
D:2:      old_standard_altar, kennysheep_nondescript
D:3:      nicolae_overflow_crystal_walls
D:4:      minmay_overflow_temple_star_quad, first_bread
D:5:      portal_sewer_entry_f, minmay_misc_feat_five, uniq_pikel,
          uniq_eustachio, uniq_prince_ribbit1, uniq_crazy_yiuf_cottage

Skill      XL: |  1  2  3 |
---------------+----------+-----
Crossbows      | 2 3 |  3.6
Fighting       | |  1.0
Dodging        | |  1.5
Spellcasting   | |  1.0
Hexes          | |  2.6

Action                   |  1- 3 |  4- 6 || total
-------------------------+-------+-------++-------
Melee: Short sword       |    23 |       ||    23
       Unarmed           |    10 |       ||    10
 Fire: Hand crossbow     |    89 |       ||    89
  Use: Scroll            |       |    14 ||    14
Armor: Leather armour    |    45 |    10 ||    55
Dodge: Dodged            |    69 |    23 ||    92
Block: Other             |     7 |     3 ||    10
